 Dungeon Crawl Stone Soup version 0.23-a0-673-g3803c42f16 (webtiles) character file.

16697 D1HalberdGnoll the Thaumaturge (level 12, 0/91 HPs)
             Began as a Gnoll Wanderer on Jan 8, 2019.
             Was a Priest of Ashenzari.
             Slain by a crocodile (11 damage)
             ... on level 3 of the Lair of Beasts on Jan 9, 2019.
             The game lasted 00:50:51 (19600 turns).

D1HalberdGnoll the Thaumaturge (Gnoll Wanderer)    Turns: 19600, Time: 00:50:52

Health: 0/91       AC: 11    Str: 14    XL:     12   Next: 40%
Magic:  12/26      EV: 16    Int: 18    God:    Ashenzari [***...]
Gold:   1002       SH:  0    Dex: 17    Spells: 12/31 levels left

rFire    + . .     SeeInvis +   Q - +2 dagger (elec)
rCold    . . .     Gourm    .   (no shield)
rNeg     . . .     Faith    .   j - +3 leather armour {rF+} (curse)
rPois    +         Spirit   .   J - +2 helmet
rElec    .         Reflect  .   d - scarf {repulsion}
rCorr    .         Harm     .   a - +0 pair of gloves
MR       .....                  (no boots)
Stlth    +++++.....             (no amulet)
HPRegen  0.25/turn              G - ring of stealth (curse)
MPRegen  0.20/turn              s - ring of poison resistance (curse)

@: confusing touch, drained, repel missiles
A: distributed training, fangs 1, strong nose
a: Curse Item, Scrying, Renounce Religion


You were on level 3 of the Lair of Beasts.
You worshipped Ashenzari.
Ashenzari was most pleased with you.
You were not hungry.

You visited 3 branches of the dungeon, and saw 15 of its levels.
You visited the Abyss 1 time.

You collected 1002 gold pieces.

Inventory:

Hand Weapons
 z - a +4 scimitar of flaming
 Q - a +2 dagger of electrocution (weapon)
Missiles
 H - 4 throwing nets (quivered)
Armour
 a - a +0 pair of gloves (worn)
 d - a scarf of repulsion (worn)
 j - a cursed +3 leather armour of fire resistance (worn)
 J - a +2 helmet (worn)
Jewellery
 s - a cursed ring of poison resistance (right hand)
 G - a cursed ring of stealth (left hand)
 I - a +2 ring of evasion
 L - an uncursed ring of stealth
Wands
 h - a wand of digging (6)
 D - a wand of flame (14)
 N - a wand of disintegration (14)
 P - a wand of acid (10)
Scrolls
 c - 2 scrolls of amnesia
 e - 3 scrolls of random uselessness {unknown}
 g - 5 scrolls of fog
 k - 2 scrolls of noise {unknown}
 m - 3 scrolls of enchant weapon
 o - 7 scrolls of identify
 q - a scroll of blinking {unknown}
 u - a scroll of immolation {unknown}
 x - 3 scrolls of teleportation
 y - 3 scrolls of magic mapping
 A - a scroll of holy word {unknown}
 B - 4 scrolls of remove curse
 F - 4 scrolls of enchant armour
 M - a scroll of fear {unknown}
 O - 2 scrolls of torment {unknown}
Potions
 i - 6 potions of curing
 l - 2 potions of might {unknown}
 n - 3 potions of flight {unknown}
 p - a potion of degeneration {unknown}
 r - a potion of cancellation {unknown}
 t - 3 potions of lignification {unknown}
 v - 4 potions of brilliance
 w - a potion of haste {unknown}
 C - a potion of mutation {unknown}
 E - a potion of resistance
Comestibles
 f - 16 rations
 K - 3 chunks of flesh


   Skills:
 + Level 7.1(6.9) Fighting
 + Level 7.1(6.9) Short Blades
 + Level 7.1(6.9) Long Blades
 + Level 7.1(6.9) Axes
 + Level 7.1(6.9) Maces & Flails
 + Level 7.1(6.9) Polearms
 + Level 7.1(6.9) Staves
 + Level 7.1(6.9) Slings
 + Level 7.1(6.9) Bows
 + Level 7.1(6.9) Crossbows
 + Level 7.1(6.9) Throwing
 + Level 7.1(6.9) Armour
 + Level 7.1(6.9) Dodging
 + Level 7.5(7.4) Stealth
 + Level 7.6(7.4) Shields
 + Level 7.1(6.9) Unarmed Combat
 + Level 10.1(9.9) Spellcasting
 + Level 5.9(7.6) Conjurations
 + Level 8.1(9.9) Hexes
 + Level 5.9(7.6) Charms
 + Level 5.9(7.6) Summonings
 + Level 7.1(8.9) Necromancy
 + Level 5.9(7.6) Translocations
 + Level 5.9(7.6) Transmutations
 + Level 5.9(7.6) Fire Magic
 + Level 5.9(7.6) Ice Magic
 + Level 5.9(7.6) Air Magic
 + Level 5.9(7.6) Earth Magic
 + Level 5.9(7.6) Poison Magic
 + Level 7.8(7.6) Invocations
 + Level 7.1(8.9) Evocations


You had 12 spell levels left.
You knew the following spells:

 Your Spells              Type           Power        Failure   Level  Hunger
a - Magic Dart            Conj           ####         1%          1    None
b - Animate Skeleton      Necr           N/A          1%          1    None
c - Call Imp              Summ           #####...     1%          2    None
d - Mephitic Cloud        Conj/Pois/Air  #####...     1%          3    None
e - Ensorcelled Hibernat  Hex/Ice        #####.       1%          2    None
f - Dazzling Spray        Conj/Hex       #####.       1%          3    None
g - Confusing Touch       Hex            #####.       1%          1    None
h - Blink                 Tloc           N/A          1%          2    None
i - Airstrike             Air            #####.....   4%          4    ###....

Your spell library contained the following spells:

 Spells                   Type           Power        Failure   Level  Hunger
 Corona                   Hex            #####..      1%          1    None
 Shock                    Conj/Air       ####         1%          1    None
 Poisonous Vapours        Pois/Air       #####.       1%          2    None
 Slow                     Hex            #####...     1%          2    None
 Swiftness                Chrm/Air       #####...     1%          2    None
 Confuse                  Hex            #####...     1%          3    None
 Conjure Flame            Conj/Fire      #####...     1%          3    None
 Gell's Gravitas          Tloc           #####.....   1%          3    None
 Static Discharge         Conj/Air       #####...     1%          3    None
 Tukima's Dance           Hex            #####...     1%          3    None
 Vampiric Draining        Necr           #####.....   1%          3    None
 Petrify                  Tmut/Erth      #####...     4%          4    ###....
 Metabolic Englaciation   Hex/Ice        #####.....   7%          5    #####..
 Yara's Violent Unravell  Hex/Tmut       #####.....   7%          5    #####..
 Lightning Bolt           Conj/Air       #####.....   11%         5    #####..
 Freezing Cloud           Conj/Ice/Air   #####.....   52%         6    ######.
 Ring of Flames           Chrm/Fire      #####.....   98%         7    #######


Dungeon Overview and Level Annotations

Branches:
Dungeon (11/15)            Temple (1/1) D:4            Lair (3/6) D:11
    Orc (0/2) D:9
  Swamp: Lair:2-4    Shoals: Lair:2-4     Snake: Lair:2-4    Spider: Lair:2-4

Altars:
Ashenzari
Cheibriados
Dithmenos
Elyvilon
Fedhas
Gozag
Hepliaklqana
Kikubaaqudgha
Makhleb
Nemelex Xobeh
Okawaru
Qazlal
Ru
Sif Muna
Trog
Uskayaw
Vehumet
Wu Jian
Xom
Yredelemnul
Zin
The Shining One

Shops:
D:6 (

Annotations:
D:6 exclusion: downstairs
D:8 exclusion: downstairs
D:9 exclusion: downstairs


Innate Abilities, Weirdness & Mutations

Your experience applies equally to all skills.
You have very sharp teeth.
Your uncanny sense of smell can sniff out nearby items.


Message History

You hit the water moccasin but do no damage.
The water moccasin appears confused.
The water moccasin is moderately wounded.
The water moccasin bites your hell rat skeleton.
Your hell rat skeleton bites the water moccasin!
You catch the helpless water moccasin completely off-guard!
You impale the water moccasin!!
Lightning courses through the water moccasin!
You kill the water moccasin!
You hit the crocodile but do no damage.
The crocodile is heavily wounded.
Your hell rat skeleton closely misses the crocodile.
The crocodile bites you.
* * * LOW HITPOINT WARNING * * *
Casting: Confusing Touch (safe; 1% risk of failure)
Confirm with . or Enter, or press ? or * to list all spells.
Your hands begin to glow red.
Your hell rat skeleton bites the crocodile!
The crocodile bites you!
You die...

, #P# * * ..P , , *
, * , , ,... , ,+ ,
, ,, , , ... ,, * *
* #. , * ## * **, *
* ### ### , *
##@######## #.# ###
* * *
#t##.P.#..###.###.#
*
##Z....S.......##...
#.......Z......##...
*
##...t...>.....%#...
*,,
#...................
,
#P...........%%..(..
,
#...%..........#....
#..............#$...


You could see a crocodile and a friendly hell rat skeleton.

Vanquished Creatures
  Harold (D:7)
  Fannar (D:10)
  A hydra (Lair:1)
  Erica (D:10)
  A death yak (D:10)
  A manticore (D:11)
  2 cyclopes
  Joseph (D:9)
  A gargoyle (D:10)
  3 spiny frogs
  2 komodo dragons
  Grinder (D:5)
  A hornet (D:10)
  2 hippogriffs
  3 yaks (Lair:1)
  2 wyverns
  A hungry ghost (D:7)
  2 basilisks
  Grum (D:10)
  Menkaure (D:5)
  5 water moccasins
  Duvessa (D:6)
  5 porcupines
  3 orc warriors
  4 sky beasts
  2 ice beasts
  2 necrophages
  6 centaurs
  3 ogres
  3 wolves (D:10)
  4 big kobolds
  6 crocodiles
  8 bullfrogs
  2 scorpions
  A water moccasin skeleton (D:6)
  Dowan (D:6)
  11 killer bees
  3 wights (D:6)
  2 howler monkeys
  3 crimson imps
  3 bullfrog zombies
  6 orc priests
  3 jellies
  6 orc wizards
  Crazy Yiuf (D:7)
  A bullfrog skeleton (D:6)
  3 iguanas
  6 hell rats (Lair:3)
  11 worker ants
  3 hound zombies
  2 hound skeletons
  A worker ant zombie (D:8)
  7 adders
  8 gnolls
  A river rat (D:3)
  2 adder skeletons
  A dart slug (D:1)
  5 leopard geckos
  29 orcs
  2 ball pythons
  9 giant cockroaches
  8 hobgoblins
  6 jackals
  14 kobolds
  7 quokkas
  5 bats
  7 frilled lizards
  10 goblins
  A jackal skeleton (D:9)
  A leopard gecko skeleton (D:7)
  3 leopard gecko zombies (D:7)
  2 quokka skeletons (D:6)
  7 rats
  A spectral orc (D:3)
286 creatures vanquished.

Vanquished Creatures (collateral kills)
  A two-headed ogre (D:10)
  2 death yaks (D:10)
  A black mamba (Lair:1)
  A spiny frog (Lair:3)
  2 water moccasins
  A porcupine (Lair:3)
  An ogre (D:9)
  2 bullfrogs
  4 crimson imps
  An orc priest (D:9)
  2 jellies
  An iguana (D:3)
  A worker ant (D:9)
  2 hell rats
  Robin (D:2)
  2 gnolls
  An adder (D:2)
  2 river rats
  A worm (D:2)
  2 leopard geckos
  6 orcs
  4 goblins (D:2)
  4 hobgoblins
  A jackal (D:9)
  2 kobolds
  A quokka (D:9)
  A fungus (Lair:1)
50 creatures vanquished.

Vanquished Creatures (others)
  A fungus (D:7)
  8 starspawn tentacles (Abyss:1)
9 creatures vanquished.

Grand Total: 345 creatures vanquished

Notes
Turn   | Place    | Note
-------+----------+-------------------------------------------
     0 | D:1      | D1HalberdGnoll the Gnoll Wanderer began the quest for the
                  | Orb.
     0 | D:1      | D1HalberdGnoll set off with the following items: a +0 robe,
                  | a +0 dagger, a ration; and the following spells available
                  | to memorise: Slow, Animate Skeleton, Vampiric Draining,
                  | Magic Dart, Blink, Call Imp, Conjure Flame, Mephitic Cloud
     0 | D:1      | Reached XP level 1. HP: 13/13 MP: 8/8
     3 | D:1      | Learned a level 1 spell: Animate Skeleton
     5 | D:1      | Learned a level 1 spell: Magic Dart
   654 | D:1      | Reached XP level 2. HP: 2/19 MP: 2/10
   958 | D:1      | Found an iron altar of Okawaru.
  1534 | D:2      | Learned a level 2 spell: Call Imp
  1543 | D:2      | Reached XP level 3. HP: 25/25 MP: 4/11
  1727 | D:2      | Found a white marble altar of Elyvilon.
  1738 | D:2      | Noticed Robin
  1762 | D:2      | Killed Robin
  1762 | D:2      | Reached skill level 1 in Invocations
  2096 | D:2      | Reached skill level 1 in Fighting
  2096 | D:2      | Reached skill level 1 in Short Blades
  2096 | D:2      | Reached skill level 1 in Long Blades
  2096 | D:2      | Reached skill level 1 in Axes
  2096 | D:2      | Reached skill level 1 in Maces & Flails
  2096 | D:2      | Reached skill level 1 in Polearms
  2096 | D:2      | Reached skill level 1 in Staves
  2096 | D:2      | Reached skill level 1 in Slings
  2096 | D:2      | Reached skill level 1 in Bows
  2096 | D:2      | Reached skill level 1 in Crossbows
  2096 | D:2      | Reached skill level 1 in Throwing
  2096 | D:2      | Reached skill level 1 in Armour
  2096 | D:2      | Reached skill level 1 in Dodging
  2096 | D:2      | Reached skill level 1 in Unarmed Combat
  2096 | D:2      | Reached skill level 1 in Evocations
  2271 | D:2      | Reached XP level 4. HP: 32/32 MP: 8/13
  2595 | D:2      | Found a hazy altar of Hepliaklqana.
  2688 | D:3      | Learned a level 3 spell: Mephitic Cloud
  2825 | D:2      | Reached skill level 1 in Conjurations
  2825 | D:2      | Reached skill level 1 in Charms
  2825 | D:2      | Reached skill level 1 in Summonings
  2825 | D:2      | Reached skill level 1 in Translocations
  2825 | D:2      | Reached skill level 1 in Transmutations
  2825 | D:2      | Reached skill level 1 in Fire Magic
  2825 | D:2      | Reached skill level 1 in Ice Magic
  2825 | D:2      | Reached skill level 1 in Air Magic
  2825 | D:2      | Reached skill level 1 in Earth Magic
  2825 | D:2      | Reached skill level 1 in Poison Magic
  2961 | D:3      | Found a shimmering altar of Xom.
  2976 | D:3      | Reached XP level 5. HP: 31/37 MP: 8/14
  3130 | D:3      | Reached XP level 6. HP: 44/44 MP: 8/16
  3499 | D:3      | Learned a level 2 spell: Ensorcelled Hibernation
  3503 | D:3      | Learned a level 3 spell: Dazzling Spray
  3825 | D:3      | Found a basalt altar of Yredelemnul.
  4262 | D:4      | Found a shadowy altar of Dithmenos.
  4310 | D:4      | Found a staircase to the Ecumenical Temple.
  4325 | Temple   | Entered the Ecumenical Temple
  4333 | Temple   | Became a worshipper of Ashenzari the Shackled
  4971 | D:5      | Entered Level 5 of the Dungeon
  5089 | D:5      | Reached XP level 7. HP: 50/50 MP: 18/18
  5374 | D:5      | Got the mace "Vayzobept" {crush, rElec rPois rC- Str+5}
  5393 | D:5      | Identified the +2 mace "Vayzobept" {crush, rElec rPois rC-
                  | Str+5} (You found it on level 5 of the Dungeon)
  5442 | D:5      | Noticed Menkaure
  5449 | D:5      | Killed Menkaure
  5795 | D:5      | Noticed Grinder
  5850 | D:5      | Paralysed by Grinder for 4 turns
  5856 | D:5      | Killed Grinder
  5856 | D:5      | Reached XP level 8. HP: 26/57 MP: 2/19
  6204 | D:6      | Learned a level 1 spell: Confusing Touch
  6494 | D:6      | Reached skill level 8 in Spellcasting
  7108 | D:6      | Identified the +5 chain mail of Qupat {*Contam Int+7}
  7171 | D:6      | Reached XP level 9. HP: 53/65 MP: 21/21
  7256 | D:6      | Learned a level 2 spell: Blink
  7310 | D:6      | Found an opulent altar of Gozag.
  7360 | D:6      | Found Hetsigiu's Antique Weapon Emporium.
  7417 | D:6      | Reached skill level 5 in Necromancy
  7423 | D:6      | HP: 2/65 [wight/+0 halberd (8)]
  7846 | D:6      | Noticed Duvessa
  7848 | D:6      | Noticed Dowan
  7857 | D:6      | Killed Dowan
  7955 | D:6      | Killed Duvessa
  8339 | D:7      | Noticed Harold
  8520 | D:7      | Reached skill level 5 in Shields
  8768 | D:7      | Found a runed door.
  8772 | D:7      | Noticed Crazy Yiuf
  8779 | D:7      | Killed Crazy Yiuf
  8940 | D:7      | Killed Harold
  8940 | D:7      | Reached skill level 5 in Stealth
  8940 | D:7      | Reached skill level 5 in Invocations
  9171 | D:7      | Found a blossoming altar of Fedhas.
  9204 | D:7      | Reached XP level 10. HP: 27/72 MP: 22/22
  9356 | D:7      | Reached * piety under Ashenzari
  9448 | D:7      | Found a glowing golden altar of the Shining One.
  9509 | D:7      | Noticed a +0 hand axe
  9509 | D:7      | Noticed a +0 dagger
  9511 | D:7      | Found a hide-covered altar of Uskayaw.
  9665 | D:8      | Found an ancient bone altar of Kikubaaqudgha.
 10159 | D:8      | Reached skill level 5 in Fighting
 10159 | D:8      | Reached skill level 5 in Short Blades
 10159 | D:8      | Reached skill level 5 in Long Blades
 10159 | D:8      | Reached skill level 5 in Axes
 10159 | D:8      | Reached skill level 5 in Maces & Flails
 10159 | D:8      | Reached skill level 5 in Polearms
 10159 | D:8      | Reached skill level 5 in Staves
 10159 | D:8      | Reached skill level 5 in Slings
 10159 | D:8      | Reached skill level 5 in Bows
 10159 | D:8      | Reached skill level 5 in Crossbows
 10159 | D:8      | Reached skill level 5 in Throwing
 10159 | D:8      | Reached skill level 5 in Armour
 10159 | D:8      | Reached skill level 5 in Dodging
 10159 | D:8      | Reached skill level 5 in Unarmed Combat
 10159 | D:8      | Reached skill level 5 in Evocations
 10195 | D:8      | Found a sacrificial altar of Ru.
 11032 | D:9      | Noticed Joseph
 11052 | D:9      | Killed Joseph
 11052 | D:9      | Reached skill level 9 in Spellcasting
 11058 | D:9      | Got the cursed dagger of Psychosis {pierce, Str+3 Int+2}
 11059 | D:9      | Identified the cursed +1 dagger of Psychosis {pierce, Str+3
                  | Int+2} (You found it on level 9 of the Dungeon)
 11076 | D:9      | Found a bloodstained altar of Trog.
 11473 | D:8      | HP: 3/74 [poisoned by a killer bee]
 11480 | D:8      | HP: 3/74 [poisoned by a killer bee]
 11488 | D:8      | HP: 3/74 [poisoned by a killer bee]
 12315 | D:9      | HP: 2/74 [orc warrior/+0 glaive (13)]
 12723 | D:9      | Found a staircase to the Orcish Mines.
 12740 | D:9      | Cast into level 1 of the Abyss (gnoll sergeant)
 12954 | Abyss:1  | Found an opulent altar of Gozag.
 12960 | Abyss:1  | Noticed a large abomination
 12974 | Abyss:1  | Noticed a wretched star
 12984 | Abyss:1  | Noticed a starcursed mass
 12985 | Abyss:1  | Noticed a lich
 13003 | Abyss:1  | Found a corrupted altar of Lugonu.
 13005 | Abyss:1  | Noticed a tentacled starspawn
 13031 | Abyss:1  | Noticed a cacodemon
 13032 | Abyss:2  | Found a corrupted altar of Lugonu.
 13110 | Abyss:2  | Noticed a worldbinder
 13132 | Abyss:2  | Noticed a spatial maelstrom
 13163 | Abyss:2  | Noticed a tentacled starspawn
 13167 | D:9      | Escaped the Abyss
 13368 | D:9      | Reached ** piety under Ashenzari
 13415 | D:9      | Noticed a cyclops
 13425 | D:9      | Killed a cyclops
 13548 | D:10     | Entered Level 10 of the Dungeon
 13557 | D:10     | Noticed Fannar
 13559 | D:10     | Noticed a two-headed ogre
 14228 | D:10     | Paralysed by a hornet for 2 turns
 14236 | D:10     | Reached XP level 11. HP: 58/81 MP: 13/24
 14398 | D:10     | Learned a level 4 spell: Airstrike
 14411 | D:10     | Noticed Erica
 14431 | D:10     | Killed Erica
 14805 | D:10     | Killed Fannar
 14805 | D:10     | Reached skill level 5 in Conjurations
 14805 | D:10     | Reached skill level 5 in Charms
 14805 | D:10     | Reached skill level 5 in Summonings
 14805 | D:10     | Reached skill level 5 in Translocations
 14805 | D:10     | Reached skill level 5 in Transmutations
 14805 | D:10     | Reached skill level 5 in Fire Magic
 14805 | D:10     | Reached skill level 5 in Ice Magic
 14805 | D:10     | Reached skill level 5 in Air Magic
 14805 | D:10     | Reached skill level 5 in Earth Magic
 14805 | D:10     | Reached skill level 5 in Poison Magic
 15093 | D:10     | Noticed Grum
 15118 | D:10     | Killed Grum
 15247 | D:11     | Noticed a death yak
 15250 | D:11     | Found a staircase to the Lair.
 15253 | D:11     | Noticed a death yak
 15573 | D:10     | Killed a death yak
 15625 | D:11     | Noticed a death yak
 15639 | D:10     | Killed a two-headed ogre
 15686 | D:10     | Killed a death yak
 15951 | D:10     | Killed a death yak
 16299 | D:11     | Noticed a manticore
 16316 | D:11     | Killed a manticore
 16588 | D:11     | Noticed a cyclops
 16627 | D:11     | Killed a cyclops
 17054 | Lair:1   | Entered Level 1 of the Lair of Beasts
 17367 | Lair:1   | HP: 4/83 [poisoned by a black mamba]
 17737 | Lair:1   | Reached XP level 12. HP: 84/89 MP: 23/25
 17848 | Lair:1   | Noticed an eight-headed hydra
 17883 | Lair:1   | Killed an eight-headed hydra
 18670 | Lair:2   | Reached skill level 10 in Spellcasting
 18718 | Lair:2   | Reached *** piety under Ashenzari
 19600 | Lair:3   | Slain by a crocodile

Vault maps used:
D:1:      zaba_arrival_water, okawaru_ov_weapons_minmay
D:2:      minmay_evil_eye, elyvilon_altar_5, overflow_temple_1_default,
          uniq_robin
D:3:      led_xom_imps, yredelemnul_forgotten_temple_becter,
          gup_sewer_entry_spiral, minivault_27
D:4:      kennysheep_little_box, temple_doors_e, first_ration
D:5:      kennysheep_decorative_pillar, uniq_grinder, uniq_menkaure
D:6:      grunt_gozag_breadcrumbs, serial_shops, nicolae_shop_behind_doors,
          grunt_decor_one_mirror, serial_bayou_pond_e, uniq_duvessa
D:7:      dancing_weapons_uskayaw, old_standard_altar, fedhas_ov_isle_minmay,
          uniq_harold, uniq_crazy_yiuf_cottage
D:8:      kiku_gazebo_garden_becter, nicolae_ru_great_annihilating_truth
D:9:      nicolae_overflow_crystal_walls,
          kennysheep_orc_monster_closet_entryway, uniq_joseph
D:10:     enter_bailey_2, kennysheep_cross_room, uniq_grum, uniq_erica,
          uniq_fannar
D:11:     dpeg_lair_monsters
Temple:   dpeg_chambers_temple
Lair:3:   guppyfry_snake_entry_island, grunt_megastairs_4,
          infiniplex_staircase_pool

Skill      XL: |  1  2  3  4  5  6  7  8  9 10 11 12 |
---------------+-------------------------------------+-----
Invocations    | 1 2 3 4 5 6 7 |  7.8
Fighting       | 1 2 3 4 5 6 7 |  7.1
Short Blades   | 1 2 3 4 5 6 7 |  7.1
Long Blades    | 1 2 3 4 5 6 7 |  7.1
Axes           | 1 2 3 4 5 6 7 |  7.1
Maces & Flails | 1 2 3 4 5 6 7 |  7.1
Polearms       | 1 2 3 4 5 6 7 |  7.1
Staves         | 1 2 3 4 5 6 7 |  7.1
Slings         | 1 2 3 4 5 6 7 |  7.1
Bows           | 1 2 3 4 5 6 7 |  7.1
Crossbows      | 1 2 3 4 5 6 7 |  7.1
Throwing       | 1 2 3 4 5 6 7 |  7.1
Armour         | 1 2 3 4 5 6 7 |  7.1
Dodging        | 1 2 3 4 5 6 7 |  7.1
Unarmed Combat | 1 2 3 4 5 6 7 |  7.1
Evocations     | 1 2 3 4 5 6 7 |  7.1
Conjurations   | 1 2 3 4 5 |  5.9
Charms         | 1 2 3 4 5 |  5.9
Summonings     | 1 2 3 4 5 |  5.9
Translocations | 1 2 3 4 5 |  5.9
Transmutations | 1 2 3 4 5 |  5.9
Fire Magic     | 1 2 3 4 5 |  5.9
Ice Magic      | 1 2 3 4 5 |  5.9
Air Magic      | 1 2 3 4 5 |  5.9
Earth Magic    | 1 2 3 4 5 |  5.9
Poison Magic   | 1 2 3 4 5 |  5.9
Shields        | 3 4 5 6 7 |  7.6
Necromancy     | 4 5 6 7 |  7.1
Stealth        | 3 4 5 6 7 |  7.5
Hexes          | 6 7 8 |  8.1
Spellcasting   | 8 9 10 | 10.1

Action                   |  1- 3 |  4- 6 |  7- 9 | 10-12 || total
-------------------------+-------+-------+-------+-------++-------
Melee: Dagger            |    49 |    13 |       |   458 ||   520
       Bite              |     6 |    17 |    35 |    70 ||   128
       Short sword       |       |   147 |     9 |       ||   156
       Mace              |       |       |   174 |       ||   174
       Punch             |       |       |     3 |    16 ||    19
       Quarterstaff      |       |       |    49 |   124 ||   173
 Cast: Magic Dart        |    82 |    49 |    25 |    37 ||   193
       Animate Skeleton  |    15 |     8 |     4 |    47 ||    74
       Call Imp          |     4 |    17 |    16 |    19 ||    56
       Dazzling Spray    |       |     1 |    38 |    66 ||   105
       Mephitic Cloud    |       |     1 |    10 |    15 ||    26
       Ensorcelled Hiber |       |     1 |     3 |    28 ||    32
       Confusing Touch   |       |       |    10 |    56 ||    66
       Blink             |       |       |       |     7 ||     7
       Airstrike         |       |       |       |     1 ||     1
Invok: Curse Item        |       |     1 |       |     2 ||     3
Evoke: Wand              |       |       |     7 |     8 ||    15
  Use: Scroll            |       |     2 |       |     7 ||     9
       Potion            |       |       |     2 |     4 ||     6
 Stab: Distracted        |       |     1 |       |     1 ||     2
       Sleeping          |       |     2 |     4 |    28 ||    34
       Confused          |       |     1 |     6 |    36 ||    43
       Invisible         |       |       |     5 |    17 ||    22
       Paralysed         |       |       |       |     4 ||     4
       Petrifying        |       |       |       |     1 ||     1
  Eat: Chunk             |     5 |     3 |     7 |    21 ||    36
       Ration            |       |     2 |     2 |     4 ||     8
Armor: Robe              |     5 |       |       |       ||     5
       Leather armour    |    15 |    57 |    58 |   128 ||   258
Dodge: Dodged            |    30 |   120 |   209 |   370 ||   729
       Deflected         |       |       |     5 |     9 ||    14

Table legend:
 A = Non-vault XP
 B = Vault XP
 C = Vault XP percentage of total XP
 D = Non-vault monster count
 E = Vault monster count
 F = Vault count percentage of total count
                 A         B        C        D         E       F
            +---------+---------+-------+---------+---------+-------
      Total |   16630 |    7224 |  30.3 |     274 |      61 |  18.2
            +---------+---------+-------+---------+---------+-------
        D:1 |      31 |       0 |   0.0 |      19 |       0 |   0.0
        D:2 |      89 |      37 |  29.4 |      24 |      15 |  38.5
        D:3 |      38 |     186 |  83.0 |       7 |      11 |  61.1
        D:4 |     210 |       0 |   0.0 |      12 |       0 |   0.0
        D:5 |     288 |     439 |  60.4 |      18 |       2 |  10.0
        D:6 |    1414 |     203 |  12.6 |      30 |       2 |   6.2
        D:7 |    1008 |    1043 |  50.9 |      34 |       2 |   5.6
        D:8 |    1554 |      19 |   1.2 |      27 |       4 |  12.9
        D:9 |    1642 |     760 |  31.6 |      30 |       7 |  18.9
       D:10 |    1911 |    4453 |  70.0 |      26 |      15 |  36.6
       D:11 |     894 |       3 |   0.3 |       2 |       2 |  50.0
     Lair:1 |    3906 |       0 |   0.0 |      17 |       0 |   0.0
     Lair:2 |    2287 |       0 |   0.0 |      13 |       0 |   0.0
     Lair:3 |    1358 |      81 |   5.6 |      15 |       1 |   6.2
            +---------+---------+-------+---------+---------+-------
